AoeStats
← Snackbar Chez Raymond

Arena

510128984Analyzed
1v1 RM · 3d ago on Sep 29, 2026· 39m 58s· 2 players
Game mode
Random Map
Map size
Tiny (2 player)
Population
200
Speed
Normal
Resources
Standard
Victory
Conquest
Starting age
Dark Age
Ending age
Imperial Age
RankedLock teamsTeams togetherTeam positionsShared explorationLock speedFull tech treeHidden civsTurbo modeCheats
Victory
Defeat
🇲🇽 Franks · Mexico
966
+16
970
-16
jni_90
9:19 Feudal Age
13:52 Loom
17:21 Castle Age
22:44 Scale Mail Armor
31:58 Imperial Age
30:23 Forging
29:37 Pikeman
30:17 Gold Mining
31:12 Wheelbarrow
30:57 Squires
31:57 Gold Shaft Mining
31:47 Gambesons
Snackbar Chez Raymond
4:56 Loom
12:17 Feudal Age
18:00 Castle Age
16:04 Double-Bit Axe
16:02 Horse Collar
16:50 Gold Mining
17:07 Stone Mining
19:05 Bow Saw
20:44 Fletching
22:53 Stone Shaft Mining
26:11 Gold Shaft Mining
32:54 Imperial Age
31:02 Wheelbarrow
31:20 Heavy Plow
37:49 Chemistry
38:53 Scale Barding Armor
Connection lost

Rejoining the realm…

Still unreachable

The connection could not be restored.

Session expired

The server has moved on; the page needs a fresh start.